Map: 机械城 - 天梯版

Players

Scarlett - Winner!

  • Race: Zerg Zerg
  • League: Diamond

SpeCial

  • Race: Terran Terran

Event: WESG 2018 Grand Finals

VOD

Have the link to the VOD?

Description

Time

  • Played on: March 13, 2019, 5:47 a.m.
  • Length: 9:32

All games in this series

Show
View Real Time Build Order
Export as new Build Order

Scarlett Zerg - Winner!

Build Orders: Hatch First, Roach Nydus 

Get SALT Encoding   

  12  0:00  Drone  
  13  0:12  Overlord  
  13  0:17  Drone  
  14  0:31  Drone x2  
  16  0:48  Hatchery  
  15  0:52  Drone  
  15  0:57  Drone  
  17  1:01  Drone  
  18  1:10  Extractor  
  17  1:14  Spawning Pool  
  17  1:18  Drone  
  17  1:21  Drone  
  18  1:28  Drone  
  20  1:40  Drone  
  20  1:49  Drone  
  21  2:01  Queen x2  
  21  2:02  Zergling x4  
  27  2:16  Hatchery  
  27  2:21  Overlord  
  26  2:25  Drone  
  26  2:28  Drone  
  28  2:33  Extractor  
  27  2:37  Extractor  
  27  2:41  Drone x3  
  31  2:48  Overlord, Drone  
  32  2:53  Queen  
  34  2:59  Drone x2  
  36  3:10  Drone x5  
  41  3:15  Drone  
  41  3:19  Queen  
  44  3:25  Overlord  
  44  3:30  Lair  
  44  3:36  Roach Warren  
  43  3:42  Drone x4  
  43  3:44  Drone  
  43  3:47  Drone  
  43  3:48  Drone  
  50  3:51  Extractor  
  50  3:52  Overlord  
  49  3:57  Queen  
  51  4:03  Drone x3  
  51  4:07  Overlord  
  51  4:09  Overlord  
  54  4:14  Overlord, Extractor  
  53  4:18  Roach x2  
  53  4:23  Overlord x2  
  57  4:31  Roach x3  
  63  4:35  Nydus Network  
  62  4:42  Glial Reconstitution  
  62  4:47  Spore Crawler  
  62  4:49  Roach x2  
  65  4:53  Roach  
  67  5:01  Roach x2  
  67  5:02  Roach  
  73  5:13  Roach x3  
  73  5:24  Overseer  
  73  5:27  Queen  
  75  5:29  Roach x4  
  75  5:33  Roach  
  85  5:40  Nydus Canal  
  85  5:43  Overlord  
  85  5:44  Roach x2  
  89  5:51  Roach x2  
  93  6:04  Nydus Canal  
  93  6:08  Roach x3  
  99  6:19  Nydus Canal  
  99  6:24  Roach x4  
  101  6:29  Roach  
  101  6:32  Queen x2  
  97  6:34  Roach x2  
  96  6:40  Drone x3  
  96  6:42  Drone x2  
  100  6:49  Drone x4  
  100  6:53  Drone  
  89  7:03  Drone x4  
  89  7:07  Drone  
  89  7:08  Nydus Canal  
  94  7:10  Drone x3  
  94  7:12  Queen  
  97  7:20  Drone x2  
  97  7:21  Evolution Chamber x2  
  79  7:30  Drone x5  
  84  7:39  Drone  
  84  7:40  Drone  
  84  7:42  Drone x6  
  92  7:45  Extractor x2  
  92  7:46  Extractor  
  92  7:50  Drone  
  90  7:54  Spire  
  90  7:57  Queen  
  91  8:00  Spore Crawler  
  91  8:04  Ravager x3  
  93  8:10  Drone x3  
  93  8:11  Roach x2  
  100  8:16  Drone x3  
  100  8:19  Overlord x4  
  103  8:24  Overlord  
  103  8:25  Overlord  
  103  8:29  Overlord x2  
  103  8:38  Roach  
  103  8:39  Roach x4  
  113  8:41  Ravager x2  
  113  8:42  Ravager x2  
  113  8:47  Roach x2  
  121  8:53  Roach x4  
  129  9:02  Roach x7  
  128  9:05  Roach  
  128  9:07  Nydus Canal  
  128  9:11  Roach  
Show
View Real Time Build Order
Export as new Build Order

SpeCial Terran 

Build Orders: Hellion Opening, Reaper Expand 

Get SALT Encoding   

  12  0:00  SCV  
  13  0:13  SCV  
  14  0:18  Supply Depot  
  14  0:25  SCV  
  15  0:39  SCV  
  15  0:41  Barracks  
  16  0:44  Refinery  
  16  0:51  SCV  
  17  1:03  SCV  
  18  1:15  SCV  
  19  1:28  Reaper, Orbital Command  
  20  1:40  Command Center  
  20  1:53  Supply Depot  
  20  1:54  SCV  
  20  2:00  Marine  
  22  2:05  Factory  
  22  2:08  SCV  
  22  2:12  Refinery  
  23  2:20  SCV  
  23  2:22  Barracks Reactor  
  24  2:32  SCV  
  25  2:45  SCV  
  26  2:54  Starport  
  26  2:55  Orbital Command  
  26  2:57  SCV  
  26  3:02  Hellion x2  
  26  3:04  Barracks Tech Lab  
  30  3:10  SCV  
  31  3:21  SCV  
  31  3:22  SCV  
  31  3:23  Hellion  
  31  3:24  Hellion  
  37  3:29  Supply Depot  
  37  3:30  Viking  
  39  3:37  SCV x2  
  39  3:40  Marine  
  44  3:48  Hellion  
  44  3:50  Hellion  
  44  3:54  Supply Depot  
  46  3:56  SCV x2  
  48  4:04  Medivac  
  48  4:05  Armory  
  48  4:08  SCV x2  
  52  4:16  Hellion, Supply Depot  
  52  4:17  Liberator  
  54  4:19  Hellion  
  54  4:20  SCV  
  54  4:23  SCV  
  58  4:27  Marine  
  59  4:37  SCV  
  64  4:38  SCV  
  64  4:39  Supply Depot  
  64  4:43  Hellion  
  64  4:44  Hellion  
  68  4:49  SCV  
  68  4:50  SCV  
  70  5:00  Marine  
  70  5:01  SCV, Supply Depot  
  70  5:02  SCV, Liberator  
  71  5:18  Bunker  
  73  5:27  SCV x2  
  68  5:31  Marine x2  
  68  5:32  Supply Depot, Command Center  
  70  5:37  Siege Tank  
  70  5:39  Bunker  
  73  5:46  SCV x2  
  73  5:48  Refinery x2  
  73  5:49  Supply Depot  
  75  5:52  Marine x2  
  75  5:56  Barracks  
  77  5:58  Barracks, SCV x2  
  77  5:59  Supply Depot  
  79  6:10  SCV  
  79  6:13  Siege Tank  
  79  6:14  Engineering Bay x2  
  82  6:19  Liberator  
  82  6:20  Marine  
  77  6:25  Marine  
  74  6:38  Marine  
  72  6:45  Marine x3, Siege Tank  
  65  6:57  Marine  
  57  7:02  Marine  
  57  7:03  Marine x2  
  57  7:05  SCV  
  59  7:15  Marine  
  60  7:20  Marine  
  54  7:30  SCV  
  54  7:33  Marine  
  55  7:38  Marine  
  55  7:40  Marine  
  55  7:42  SCV  
  58  7:46  Marine  
  59  7:51  Marine  
  59  7:53  Supply Depot  
  59  7:54  SCV  
  59  7:56  Marine  
  62  8:01  Marine  
  62  8:04  Orbital Command, Marine  
  64  8:07  SCV  
  64  8:09  Marine  
  66  8:17  Marine  
  66  8:18  Marine  
  68  8:32  SCV  
  69  8:35  SCV  
  70  8:42  Marine  
  70  8:46  Marine x2  
  73  8:53  Siege Tank  
  74  8:56  Marine  
  74  9:01  Marine  
  62  9:04  Marine  
  62  9:06  Marine  
  63  9:13  Marine  
Tags
 
Add a new tag
Caveats
  • Supply blocks, unpowered buildings, or Contaminate may cause inaccurate times.
  • Supply counts are checked every 10 seconds.